[ AOE2 MATCH · #471069353 ]
1v1 RMMongols vs Mongols
Player's team · WIN
Rival team · LOSS
[ REPLAY ANALYSIS · EXTRACTED FROM THE RECORDED GAME ]
Feudal
11:03
Castle
14:35
Imperial
31:36
| APM avg | 18.1 |
| APM peak | 47 |
| eAPM avg | 11.8 |
| Villagers / military | 162 / 20 |
Focus
⚔️ 21.1% · 🌾 78.9%
Mangudai ×15 · Monk ×3 · Scout Cavalry ×1 · Battering Ram ×1
Feudal
14:06
Castle
24:53
Imperial
43:13
| APM avg | 11.3 |
| APM peak | 41 |
| eAPM avg | 7.5 |
| Villagers / military | 79 / 104 |
Focus
⚔️ 22.8% · 🌾 77.2%
Cavalry Archer ×103 · Monk ×1
Match map
Resources at game start + every placement click. Thick line = wall · dashed box = detected house wall. 🟡 gold · ⚪ stone · 🟢 berries · 🔶 boar · ⭕ relic
Inputs per minute
— kyx19842002 - - nichtschwimmer
Build order — kyx19842002
First 150 of 295 actions detected
| 0:01 | Create | Villager (Male) |
| 0:01 | Create | Villager (Male) |
| 0:02 | Create | Villager (Male) |
| 0:03 | Build | House |
| 0:05 | Build | House |
| 0:06 | Create | Villager (Male) |
| 0:06 | Create | Villager (Male) |
| 1:34 | Create | Villager (Male) |
| 1:47 | Build | Lumber Camp |
| 2:05 | Create | Villager (Male) |
| 2:16 | Create | Villager (Male) |
| 2:37 | Build | House |
| 2:38 | Build | House |
| 2:47 | Create | Villager (Male) |
| 2:47 | Create | Villager (Male) |
| 3:21 | Create | Villager (Male) |
| 3:21 | Create | Villager (Male) |
| 3:40 | Create | Villager (Male) |
| 4:18 | Create | Villager (Male) |
| 4:18 | Create | Villager (Male) |
| 4:18 | Create | Villager (Male) |
| 4:18 | Create | Villager (Male) |
| 4:19 | Create | Villager (Male) |
| 4:40 | Create | Villager (Male) |
| 4:40 | Create | Villager (Male) |
| 4:41 | Create | Villager (Male) |
| 5:42 | Build | Mill |
| 5:44 | Create | Villager (Male) |
| 5:44 | Create | Villager (Male) |
| 5:44 | Create | Villager (Male) |
| 6:44 | Build | Farm |
| 6:47 | Build | Farm |
| 7:12 | Build | Farm |
| 7:14 | Create | Villager (Male) |
| 7:15 | Create | Villager (Male) |
| 7:15 | Create | Villager (Male) |
| 7:15 | Create | Villager (Male) |
| 7:45 | Build | House |
| 7:46 | Build | House |
| 7:58 | Research | Feudal Age |
| 8:00 | Create | Villager (Male) |
| 8:17 | Research | Feudal Age |
| 8:25 | Build | Mining Camp |
| 10:18 | Create | Villager (Male) |
| 10:18 | Create | Villager (Male) |
| 11:03 | Age | Feudal Age |
| 11:10 | Build | Market |
| 11:15 | Build | Blacksmith |
| 11:23 | Research | Double-Bit Axe |
| 11:54 | Build | Lumber Camp |
| 11:55 | Research | Castle Age |
| 12:05 | Research | Horse Collar |
| 12:05 | Research | Horse Collar |
| 13:07 | Build | Farm |
| 13:10 | Build | Farm |
| 13:16 | Build | Farm |
| 13:18 | Build | Farm |
| 13:22 | Build | Farm |
| 13:39 | Create | Villager (Male) |
| 13:39 | Create | Villager (Male) |
| 14:35 | Age | Castle Age |
| 14:43 | Build | Town Center |
| 14:50 | Create | Villager (Male) |
| 14:50 | Create | Villager (Male) |
| 15:05 | Build | Town Center |
| 15:13 | Build | Farm |
| 15:14 | Create | Villager (Male) |
| 15:25 | Build | Mining Camp |
| 15:30 | Research | Bow Saw |
| 15:35 | Create | Villager (Male) |
| 15:55 | Build | House |
| 15:56 | Build | House |
| 15:57 | Build | House |
| 16:02 | Build | House |
| 16:15 | Create | Villager (Male) |
| 16:15 | Create | Villager (Male) |
| 16:46 | Create | Villager (Male) |
| 16:46 | Create | Villager (Male) |
| 16:47 | Create | Villager (Male) |
| 16:48 | Create | Villager (Male) |
| 17:12 | Research | Heavy Plow |
| 17:15 | Create | Villager (Male) |
| 17:15 | Create | Villager (Male) |
| 17:17 | Research | Loom |
| 17:32 | Build | Monastery |
| 17:38 | Create | Villager (Male) ×2 |
| 17:38 | Create | Villager (Male) ×2 |
| 18:00 | Build | Farm |
| 18:01 | Build | Farm |
| 18:05 | Build | Farm |
| 18:10 | Build | Farm |
| 18:19 | Build | Farm |
| 18:26 | Create | Villager (Male) ×3 |
| 18:50 | Create | Monk |
| 18:50 | Create | Monk |
| 19:18 | Build | Barracks |
| 19:51 | Research | Wheelbarrow |
| 19:52 | Create | Villager (Male) ×4 |
| 20:14 | Build | Stable |
| 20:19 | Build | Archery Range |
| 20:36 | Create | Villager (Male) ×4 |
| 20:42 | Build | Farm |
| 20:43 | Build | Farm |
| 20:46 | Build | Farm |
| 20:51 | Create | Villager (Male) |
| 20:52 | Create | Villager (Male) |
| 20:52 | Create | Villager (Male) |
| 21:13 | Create | Villager (Male) |
| 21:22 | Build | House |
| 21:23 | Build | House |
| 21:24 | Build | House |
| 21:30 | Create | Villager (Male) ×3 |
| 21:30 | Create | Villager (Male) ×3 |
| 21:38 | Build | Farm |
| 21:41 | Build | Farm |
| 22:09 | Build | Lumber Camp |
| 22:39 | Build | Town Center |
| 22:43 | Build | Farm |
| 22:45 | Build | Farm |
| 22:52 | Research | Hand Cart |
| 22:53 | Create | Villager (Male) ×5 |
| 23:08 | Build | House |
| 23:09 | Build | House |
| 23:09 | Build | House |
| 23:14 | Build | House |
| 23:16 | Build | House |
| 23:17 | Build | House |
| 23:22 | Research | Town Watch |
| 23:22 | Create | Villager (Male) ×3 |
| 23:41 | Create | Monk |
| 23:46 | Build | Farm |
| 23:49 | Build | Farm |
| 23:50 | Build | Farm |
| 23:53 | Build | Farm |
| 24:11 | Build | Farm |
| 24:12 | Build | Farm |
| 24:18 | Create | Villager (Male) ×5 |
| 24:19 | Create | Villager (Male) ×5 |
| 24:47 | Research | Fervor |
| 25:02 | Build | Outpost |
| 25:10 | Build | Outpost |
| 25:17 | Create | Villager (Male) ×5 |
| 25:17 | Create | Villager (Male) ×5 |
| 25:23 | Build | Farm |
| 25:24 | Build | Farm |
| 25:30 | Research | Stone Mining |
| 25:30 | Research | Stone Mining |
| 25:43 | Research | Gold Mining |
| 25:50 | Build | Farm |
| 26:06 | Build | Outpost |
Build order — nichtschwimmer
First 150 of 188 actions detected
| 0:02 | Create | Villager (Male) ×4 |
| 0:03 | Create | Villager (Male) ×4 |
| 0:03 | Create | Villager (Male) ×4 |
| 0:08 | Build | House |
| 1:35 | Create | Villager (Male) |
| 2:02 | Create | Villager (Male) |
| 2:24 | Create | Villager (Male) |
| 2:39 | Build | House |
| 2:43 | Build | House |
| 2:47 | Research | Loom |
| 2:50 | Create | Villager (Male) |
| 3:17 | Create | Villager (Male) |
| 3:43 | Create | Villager (Male) |
| 4:04 | Create | Villager (Male) |
| 4:24 | Create | Villager (Male) |
| 4:37 | Create | Villager (Male) |
| 5:00 | Build | Mining Camp |
| 5:07 | Create | Villager (Male) |
| 5:07 | Create | Villager (Male) |
| 5:34 | Build | Palisade Wall |
| 5:43 | Create | Villager (Male) |
| 5:56 | Create | Villager (Male) |
| 6:12 | Build | House |
| 6:20 | Create | Villager (Male) |
| 6:42 | Create | Villager (Male) |
| 6:48 | Build | Lumber Camp |
| 7:24 | Build | House |
| 7:26 | Build | House |
| 7:38 | Create | Villager (Male) |
| 7:39 | Create | Villager (Male) |
| 7:39 | Create | Villager (Male) |
| 8:42 | Build | Palisade Wall |
| 8:50 | Build | Palisade Wall |
| 8:59 | Create | Villager (Male) |
| 8:59 | Create | Villager (Male) |
| 9:59 | Build | House |
| 10:02 | Build | House |
| 10:04 | Build | House |
| 10:16 | Create | Villager (Male) |
| 10:16 | Create | Villager (Male) |
| 10:17 | Create | Villager (Male) |
| 10:17 | Create | Villager (Male) |
| 10:40 | Build | House |
| 10:45 | Build | House |
| 11:19 | Build | Mill |
| 11:32 | Research | Feudal Age |
| 11:56 | Build | House |
| 11:58 | Build | House |
| 12:03 | Build | House |
| 12:05 | Build | House |
| 12:20 | Build | House |
| 12:25 | Build | House |
| 13:51 | Build | Mining Camp |
| 14:06 | Age | Feudal Age |
| 14:10 | Create | Villager (Male) ×5 |
| 15:10 | Build | Stone Wall |
| 15:16 | Create | Villager (Male) |
| 15:17 | Create | Villager (Male) |
| 16:00 | Build | Stone Wall |
| 16:16 | Build | Farm |
| 16:18 | Build | Farm |
| 16:19 | Build | Farm |
| 16:21 | Build | Farm |
| 16:22 | Build | Farm |
| 16:24 | Build | Farm |
| 16:28 | Build | Farm |
| 16:43 | Create | Villager (Male) |
| 16:43 | Create | Villager (Male) |
| 16:54 | Build | Stone Wall |
| 17:22 | Build | Farm |
| 17:23 | Build | Farm |
| 17:26 | Build | Farm |
| 17:28 | Build | Farm |
| 17:29 | Build | Farm |
| 17:31 | Build | Farm |
| 17:33 | Build | Farm |
| 17:34 | Build | Farm |
| 17:45 | Create | Villager (Male) |
| 17:58 | Build | Mining Camp |
| 18:19 | Build | Mill |
| 18:27 | Build | Farm |
| 18:28 | Build | Farm |
| 18:30 | Build | Farm |
| 18:35 | Create | Villager (Male) |
| 18:38 | Research | Wheelbarrow |
| 19:11 | Build | Blacksmith |
| 19:36 | Create | Villager (Male) |
| 19:58 | Build | Barracks |
| 20:15 | Build | Lumber Camp |
| 20:29 | Research | Town Watch |
| 20:42 | Build | Farm |
| 20:57 | Build | Archery Range |
| 21:18 | Create | Villager (Male) |
| 21:48 | Create | Villager (Male) |
| 21:56 | Research | Castle Age |
| 22:11 | Build | Archery Range |
| 22:18 | Build | Archery Range |
| 22:21 | Build | Archery Range |
| 22:23 | Build | Archery Range |
| 22:25 | Build | Archery Range |
| 22:36 | Build | Archery Range |
| 22:50 | Research | Double-Bit Axe |
| 23:34 | Research | Fletching |
| 23:36 | Research | Padded Archer Armor |
| 24:23 | Build | Market |
| 24:53 | Age | Castle Age |
| 24:55 | Research | Bodkin Arrow |
| 24:56 | Research | Leather Archer Armor |
| 25:07 | Research | Thumb Ring |
| 25:27 | Create | Cavalry Archer ×5 |
| 25:27 | Create | Cavalry Archer ×5 |
| 25:27 | Create | Cavalry Archer ×5 |
| 25:36 | Research | Hand Cart |
| 25:38 | Create | Villager (Male) |
| 25:53 | Create | Villager (Male) |
| 25:55 | Create | Villager (Male) |
| 25:55 | Create | Villager (Male) |
| 26:10 | Create | Cavalry Archer |
| 26:10 | Create | Cavalry Archer |
| 26:11 | Create | Cavalry Archer |
| 27:15 | Build | Farm |
| 27:20 | Build | Farm |
| 27:24 | Build | Farm |
| 27:29 | Create | Villager (Male) |
| 27:29 | Create | Villager (Male) |
| 27:29 | Create | Villager (Male) |
| 27:30 | Create | Villager (Male) |
| 27:50 | Build | Mining Camp |
| 27:56 | Build | Farm |
| 28:13 | Research | Bow Saw |
| 28:20 | Create | Cavalry Archer ×3 |
| 29:13 | Build | Monastery |
| 29:21 | Create | Villager (Male) ×5 |
| 29:56 | Build | Lumber Camp |
| 30:03 | Create | Monk |
| 30:16 | Create | Cavalry Archer ×5 |
| 30:17 | Create | Cavalry Archer ×5 |
| 31:22 | Create | Cavalry Archer ×5 |
| 31:22 | Create | Cavalry Archer ×5 |
| 31:23 | Create | Cavalry Archer ×5 |
| 31:46 | Build | Building 490 |
| 31:51 | Research | Horse Collar |
| 32:08 | Create | Cavalry Archer ×4 |
| 32:09 | Create | Cavalry Archer ×4 |
| 32:26 | Create | Cavalry Archer ×3 |
| 32:26 | Create | Cavalry Archer ×3 |
| 32:46 | Create | Cavalry Archer |
| 32:46 | Create | Cavalry Archer |
| 33:01 | Build | Farm |
| 33:04 | Research | Town Patrol |
Match timeline
| 5:34 | nichtschwimmer · wall_segment Palisade Wall x12 |
| 8:42 | nichtschwimmer · wall_segment Palisade Wall x16 |
| 8:50 | nichtschwimmer · wall_segment Palisade Wall x3 |
| 11:03 | kyx19842002 · age_up feudal |
| 14:06 | nichtschwimmer · age_up feudal |
| 14:35 | kyx19842002 · age_up castle |
| 15:10 | nichtschwimmer · wall_segment Stone Wall x22 |
| 16:00 | nichtschwimmer · wall_segment Stone Wall x24 |
| 16:54 | nichtschwimmer · wall_segment Stone Wall x3 |
| 17:32 | kyx19842002 · first_building Monastery |
| 19:18 | kyx19842002 · first_building Barracks |
| 19:58 | nichtschwimmer · first_building Barracks |
| 20:14 | kyx19842002 · first_building Stable |
| 20:19 | kyx19842002 · first_building Archery Range |
| 20:57 | nichtschwimmer · first_building Archery Range |
| 24:53 | nichtschwimmer · age_up castle |
| 25:15 | nichtschwimmer · first_market_sell 500 food |
| 25:18 | nichtschwimmer · first_market_buy 500 wood |
| 27:00 | kyx19842002 · first_building Siege Workshop |
| 29:13 | nichtschwimmer · first_building Monastery |
| 31:36 | kyx19842002 · age_up imperial |
| 33:56 | kyx19842002 · first_building Castle |
| 36:48 | nichtschwimmer · first_building Castle |
| 43:13 | nichtschwimmer · age_up imperial |
| 45:41 | nichtschwimmer · resign |
[ AI ANALYSIS · 1 CREDIT ]
What really happened in this match?
Wolo.gg analyzes every decision: build order, eco, micro, common mistakes by bracket. Personalized analysis on WhatsApp or Discord in 30 seconds.
Civ guide
Mongols
Map guide
MegaRandom
Perfil
Jugador #4299504